 Dungeon Crawl Stone Soup version 0.30.1-4-g462c640d31 (webtiles) character file.

Game seed: 4632081978551179269

60994 Zeor the Carver (level 14, -2/101 HPs)
             Began as a Demonspawn Gladiator on Sept 11, 2023.
             Was the Champion of Kikubaaqudgha.
             Slain by a rust devil (7 damage)
             ... summoned by an orc sorcerer
             ... while paralysed by an orc sorcerer
             ... on level 2 of the Orcish Mines.
             The game lasted 01:39:57 (19942 turns).

Zeor the Carver (Demonspawn Gladiator)             Turns: 19942, Time: 01:39:58

Health: -2/101     AC: -3    Str: 22    XL:     14   Next: 59%
Magic:  30/36      EV:  2    Int: 13    God:    Kikubaaqudgha [******]
Gold:   1327       SH:  0    Dex: 25    Spells: 3/32 levels left

rFire   + . .        a - +5 scimitar (flame)
rCold   + . .        h - orb {light}
rNeg    . . .        R - +1 ring mail of the Gate {Str+6 Dex+7}
rPois   .            c - +0 helmet
rElec   .            k - scarf {rC+ rF+}
rCorr   .            B - +0 pair of gloves of the Invisible Heavens {Rampage +Blink}
SInv    .            (no boots)
Will    ++...        j - amulet of reflection
Stlth   +            N - ring of wizardry
HPRegen 0.36/turn    C - ring "Ilutziah" {Will+ MP+9 Dex+3}
MPRegen 0.25/turn

%: reflection, rampage, wizardry (x1)
@: paralysed, corroded, glowing
A: hooves 2, yellow scales 2, ignite blood 2, demonic magic 2
a: Renounce Religion, Evoke Blink, Unearth Wretches, Torment, Brand Weapon With
Pain, Receive Forbidden Knowledge


You were on level 2 of the Orcish Mines.
You worshipped Kikubaaqudgha.
Kikubaaqudgha was exalted by your worship.
You visited 3 branches of the dungeon, and saw 19 of its levels.
You also visited: Sewer and Bailey.

You collected 1769 gold pieces.
You spent 442 gold pieces at shops.

Inventory:

Hand Weapons
 a - a +5 scimitar of flaming (weapon)
 M - a +3 scimitar of flaming
 Z - a +2 great sword of draining
Missiles
 d - 8 throwing nets (quivered)
 e - 9 javelins
 q - 40 poisoned darts
 K - 3 silver javelins
Armour
 c - a +0 helmet (worn)
 h - an orb of light (worn)
 i - a +2 cloak
 k - a scarf of resistance (worn)
 A - a +2 ring mail of fire resistance
 B - the +0 pair of gloves of the Invisible Heavens (worn) {Rampage +Blink}
   (You found it on level 4 of the Dungeon)

   +Blink:    It lets you blink.
   Rampage:   It bestows one free step when moving towards enemies.
 F - +0 acid dragon scales
 R - the +1 ring mail of the Gate (worn) {Str+6 Dex+7}
   (You found it on level 9 of the Dungeon)

   Str:       It affects your strength (+6).
   Dex:       It affects your dexterity (+7).
 U - +1 swamp dragon scales
Magical Staves
 X - a staff of death
Jewellery
 j - an amulet of reflection (around neck)
 C - the ring "Ilutziah" (right hand) {Will+ MP+9 Dex+3}
   (You acquired it on level 4 of the Dungeon)

   [ring of magical power]

   Dex:       It affects your dexterity (+3).
   MP:        It affects your magic capacity (+9).
   Will:      It increases your willpower.
 N - a ring of wizardry (left hand)
 Q - a +4 ring of protection
 W - a ring of positive energy
Wands
 b - a wand of mindburst (5)
 w - a wand of charming (16)
 x - a wand of iceblast (34)
 y - a wand of light (15)
 P - a wand of flame (54)
Scrolls
 m - 10 scrolls of amnesia
 u - 3 scrolls of identify
 z - 2 scrolls of blinking
 E - a scroll of torment
 G - 6 scrolls of magic mapping
 H - 11 scrolls of teleportation
 I - 4 scrolls of enchant armour
 L - a scroll of silence
 T - 3 scrolls of fog
 V - a scroll of fear
Potions
 f - 14 potions of curing
 g - 5 potions of heal wounds
 l - a potion of mutation
 n - 2 potions of ambrosia
 o - a potion of resistance
 p - 2 potions of might
 r - 3 potions of brilliance
 s - 3 potions of cancellation
 t - 3 potions of haste
 D - a potion of magic
 J - 2 potions of lignification
 O - 2 potions of flight
 S - a potion of attraction
 Y - a potion of berserk rage
Miscellaneous
 v - a lightning rod (4/4)


   Skills:
 + Level 6.5 Fighting
 + Level 13.3 Long Blades
 + Level 2.1 Throwing
 + Level 5.4 Armour
 * Level 10.2 Dodging
 + Level 5.1 Stealth
 + Level 3.5 Shields
 * Level 9.9 Spellcasting
 + Level 4.4 Hexes
 * Level 12.2 Necromancy
 + Level 0.6 Earth Magic


You had 3 spell levels left.
You knew the following spells:

 Your Spells              Type           Power      Damage    Failure   Level
a - Anguish               Hex/Necr       14%        N/A       2%          4
c - Borgnjor's Vile Clut  Necr/Erth      11%        N/A       13%         5
d - Dispel Undead         Necr           38%        3d16      1%          4
k - Kiss of Death         Conj/Necr      88%        2d12      1%          1
n - Necrotise             Necr           100%       1d9       1%          1
s - Sublimation of Blood  Necr           38%        N/A       1%          2
v - Vampiric Draining     Necr           38%        2d8       1%          3
A - Agony                 Necr           38%        N/A       1%          5
D - Animate Dead          Necr           38%        N/A       1%          4

Your spell library contained the following spells:

 Spells                   Type           Power      Damage    Failure   Level
 Confusing Touch          Hex            18%        N/A       3%          3
 Foxfire                  Conj/Fire      24%        2x1d5     7%          1
 Dazzling Flash           Conj/Hex       24%        N/A       9%          3
 Portal Projectile        Hex/Tloc       24%        N/A       9%          3
 Poisonous Vapours        Pois/Air       12%        N/A       11%         2
 Call Canine Familiar     Summ           6%         N/A       21%         3
 Hailstorm                Conj/Ice       6%         3d4       21%         3
 Mephitic Cloud           Conj/Pois/Air  6%         N/A       21%         3
 Vhi's Electric Charge    Tloc/Air       12%        N/A       21%         3
 Death Channel            Necr           19%        N/A       7%          6
 Leda's Liquefaction      Hex/Erth       6%         N/A       24%         4
 Manifold Assault         Tloc           6%         N/A       52%         4
 Silence                  Hex/Air        6%         N/A       56%         5
 Simulacrum               Ice/Necr       11%        N/A       61%         6
 Arcjolt                  Conj/Air       3%         1d13      86%         5
 Freezing Cloud           Conj/Ice/Air   3%         6-21      86%         5
 Dispersal                Tloc           3%         N/A       100%        6
 Disjunction              Tloc           3%         N/A       100%        8
 Maxwell's Capacitive Co  Air            3%         ∞         100%        8


Dungeon Overview and Level Annotations

Branches:
Dungeon (12/15)            Temple (0/1) D:6            Lair (5/5) D:10
 Shoals (0/4) Lair:3       Spider (0/4) Lair:3        Slime (0/5) Lair:5
    Orc (2/2) D:12            Elf (0/3) Orc:2         Sewer (visited)
 Bailey (visited)

Altars:
Cheibriados
Kikubaaqudgha
Okawaru
Ru
Sif Muna
Trog
Wu Jian

Shops:
D:7 =*   D:12 !

Annotations:
Orc:2 exclusion: door


Innate Abilities, Weirdness & Mutations

You have hoof-like feet.
You are mostly covered in yellow scales. (AC +3)
Your demonic aura often causes spilled blood to erupt in flames.
Spells you cast may paralyse nearby enemies.


Message History

The orc knight is lightly wounded.
The orc knight is engulfed in blazing flames.
Casting: Anguish (mildly dangerous; 2% risk of failure)
Confirm with . or Enter, or press ? or * to list all spells.
Okay, then.
Casting: Anguish (mildly dangerous; 2% risk of failure)
Confirm with . or Enter, or press ? or * to list all spells.
Okay, then.
The rust devil attacks as you move away!
You block the rust devil's attack.
You slash the orc knight! You burn the orc knight.
You kick the orc knight, but do no damage.
The orc knight is heavily wounded.
The rust devil closely misses you.
The orc sorcerer points at you and mumbles some strange words.
You suddenly lose the ability to move!
The orc knight hits you with a +0 battleaxe.
The orc knight is wracked by anguish.
The rust devil hits you. The rust devil corrodes you!
The orc knight hits you with a +0 battleaxe!
The orc knight is wracked by anguish!
The rust devil hits you. The rust devil corrodes you!
The orc sorcerer hits you with a +0 dagger!
The orc knight hits you with a +0 battleaxe!
The orc knight is wracked by anguish!
The rust devil hits you! The rust devil corrodes you!
The orc sorcerer hits you with a +0 dagger!
The orc knight hits you with a +0 battleaxe!!
* * * LOW HITPOINT WARNING * * *
The orc knight is wracked by anguish!!
The orc knight dies!
Kikubaaqudgha accepts your kill. The rust devil hits you.
* * * LOW HITPOINT WARNING * * *
The rust devil corrodes you!
The orc sorcerer hits you with a +0 dagger.
* * * LOW HITPOINT WARNING * * *
The rust devil hits you!
You die...
Kikubaaqudgha rasps: "You have failed me!
Welcome... death!"

▒▒▒▒▒▒▒▒▒▒▒▒▒▒
▒∙▒▒∙∙∙▒∙∙∙∙∙▒▒▒▒▒
▒▒▒▒▒▒▒▒∙∙∙∙∙∙∙∙∙∙∙∙∙∙∙∙∙
▒∙∙∙∙∙∙4)○∙▒∙∙∙▒∙▒∙∙∙∙∙∙∙
▒∙∙∙∙∙oo6☼Z∙∙Z∙∙∙∙∙∙▒∙∙∙▒
∙∙∙∙∙∙∙▒▒○∙▒∙▒▒8∙▒∙∙∙∙∙∙∙
∙∙∙∙∙∙∙∙∙▒▒▒∙∙∙8∙▒▒▒∙∙▒∙∙
∙∙∙▒▒∙∙∙∙8∙∙∙∙∙∙8∙∙∙∙∙∙∙∙
∙∙ ∙∙∙▒∙∙∙∙∙∙∙∙∙∙∙∙8∙∙▒∙∙
∙ ∙▒∙∙∙▒∙∙∙∙∙∙∙∙∙∙∙▒▒∙∙∙
▒∙▒▒∙▒8∙8∙▒∙∙▒▒∙∙∙∙∙∙∙∙
∙∙∙∙▒▒∙∙∙8∙∙∙∙▒∙∙∙∙∙∙∙∙
▒▒∙▒∙▒∩∙∙∙∙∙∙∙8∙∙∙∙∙∙∙∙∙


You could see an orc knight (strong), a rust devil (summoned), an orc sorcerer
(strong, ally target), a friendly orc wizard zombie and a friendly orc knight
zombie.

Vanquished Creatures
  A dire elephant (Lair:5)
  Snorg (Lair:4)
  Harold (D:9)
  4 hydras
  2 catoblepae (Lair:5)
  Erolcha (D:9)
  2 boulder beetles
  Erica (D:9)
  A deep troll shaman (Lair:5)
  3 death yaks (Lair:5)
  A skyshark (Lair:5)
  Pikel (D:9)
  2 lindwurms
  An orc sorcerer (Orc:2)
  2 deep elf pyromancers (D:12)
  2 ugly things (D:12)
  2 manticores
  13 elephants
  5 black mambas
  Maggie (Lair:1)
  16 cane toads
  A rime drake (Lair:3)
  7 komodo dragons
  2 ice devils (Lair:2)
  2 kobold demonologists (D:12)
  A troll (D:11)
  2 polar bears
  3 saltlings (Orc:2)
  26 blink frogs
  42 yaks
  2 wraiths (D:12)
  A jumping spider (Lair:3)
  2 shadows (D:11)
  9 wyverns
  3 vampires
  3 basilisks
  3 steam dragons
  5 vampire mosquitoes
  2 wargs
  2 acid dragons (D:9)
  2 swamp worms (Lair:3)
  17 water moccasins
  5 ice beasts
  19 orc warriors
  A sky beast (D:7)
  A black bear (Lair:5)
  A manticore zombie (D:11)
  A blink frog zombie (Lair:5)
  6 ogres
  5 wolves (Lair:5)
  13 centaurs
  A phantom (D:6)
  9 bullfrogs
  5 kobold brigands
  4 scorpions
  2 gnoll sergeants
  A water moccasin zombie (Lair:5)
  13 wights
  A warg zombie (Orc:2)
  3 yak zombies (Lair:5)
  7 killer bees
  3 howler monkeys
  2 wolf zombies (Lair:5)
  4 hounds
  16 jellies
  5 orc priests
  A gnoll bouda (D:7)
  A sleepcap (D:8)
  Ijyb (D:4)
  3 iguanas
  Natasha (twice) (D:2)
  13 orc wizards
  An ogre zombie (Orc:2)
  14 gnolls
  10 orc zombies
  14 adders
  A white imp (D:6)
  2 ufetubi (D:5)
  A worm (D:5)
  60 orcs
  9 bats
  12 endoplasms
  3 giant cockroaches (D:2)
  12 goblins
  10 hobgoblins
  2 jackals (D:1)
  4 quokkas
  11 ball pythons
  A frilled lizard (Sewer)
  32 kobolds
  10 rats
558 creatures vanquished.

Vanquished Creatures (collateral kills)
  A two-headed ogre (D:11)
  An orc high priest (Orc:1)
  An orc knight (Orc:2)
  A rime drake (Lair:5)
  4 blink frogs (Lair:5)
  A saltling (Orc:2)
  An orc warrior (Orc:2)
  An orc priest (D:12)
  An orc wizard (Orc:2)
  3 orcs
15 creatures vanquished.

Vanquished Creatures (others)
  A hydra (Lair:3)
  An orc knight (Orc:2)
  A death yak zombie (Lair:5)
  A rime drake (Lair:3)
  A troll (D:9)
  A blink frog (Lair:3)
  2 yaks
  2 wyverns
  An orc warrior (Orc:1)
  2 blink frog zombies (Lair:5)
  2 elephant zombies (Lair:5)
  A komodo dragon zombie (Lair:5)
  2 yak zombies (Lair:5)
  A warg zombie (D:12)
  A killer bee (D:8)
  A wolf zombie (Lair:5)
  A kobold zombie (D:12)
  2 orc priests
  An ogre zombie (Orc:2)
  An orc (Orc:2)
  2 gnoll zombies (D:12)
  A goblin zombie (D:12)
  7 orc zombies
36 creatures vanquished.

Grand Total: 609 creatures vanquished

Notes
Turn   | Place    | Note
-------+----------+-------------------------------------------
     0 | D:1      | Zeor the Demonspawn Gladiator began the quest for the Orb.
     0 | D:1      | Reached XP level 1. HP: 16/16 MP: 1/1
   216 | D:1      | Gained mutation: Your demonic aura sometimes causes spilled
                  | blood to erupt in flames. [demonic ancestry]
   216 | D:1      | Reached XP level 2. HP: 22/22 MP: 2/2
   805 | D:2      | Reached skill level 3 in Long Blades
   874 | D:2      | Found a snail-covered altar of Cheibriados.
   877 | D:2      | Gained mutation: You have large cloven feet. [demonic
                  | ancestry]
   877 | D:2      | Reached XP level 3. HP: 27/27 MP: 3/3
  1093 | D:2      | Noticed Natasha
  1119 | D:2      | Killed Natasha
  1120 | D:2      | Reached XP level 4. HP: 13/33 MP: 4/4
  1465 | D:2      | Noticed Natasha
  1490 | D:2      | Killed Natasha
  1695 | D:3      | Reached skill level 4 in Long Blades
  1809 | D:3      | Reached skill level 1 in Armour
  1809 | D:3      | Gained mutation: Your demonic aura often causes spilled
                  | blood to erupt in flames. [demonic ancestry]
  1809 | D:3      | Reached XP level 5. HP: 38/38 MP: 5/5
  1897 | D:3      | Found a glowing drain.
  1902 | Sewer    | Entered a sewer
  2032 | Sewer    | Reached skill level 5 in Long Blades
  2032 | Sewer    | Reached XP level 6. HP: 33/44 MP: 6/6
  2958 | D:4      | Found an iron altar of Okawaru.
  2958 | D:4      | Found a sacrificial altar of Ru.
  2993 | D:4      | Found an ancient bone altar of Kikubaaqudgha.
  3000 | D:4      | Became a worshipper of Kikubaaqudgha
  3184 | D:4      | Noticed Ijyb
  3195 | D:4      | Killed Ijyb
  3196 | D:4      | Reached skill level 1 in Necromancy
  3349 | D:4      | Identified the +0 pair of gloves of the Invisible Heavens
                  | {Rampage +Blink}
  3438 | D:4      | Identified a scroll of acquirement
  3438 | D:4      | Acquired the ring "Ilutziah" {Will+ MP+9 Dex+3}
  3520 | D:4      | Learned a level 1 spell: Necrotise
  3524 | D:4      | Learned a level 3 spell: Vampiric Draining
  3894 | D:5      | Entered Level 5 of the Dungeon
  3911 | D:5      | Reached XP level 7. HP: 42/51 MP: 7/7
  3914 | D:5      | Reached skill level 1 in Shields
  4008 | D:5      | Reached skill level 6 in Long Blades
  4058 | D:5      | Found a shimmering blue altar of Sif Muna.
  4885 | D:5      | Gained mutation: Spells you cast may paralyse adjacent
                  | enemies. [demonic ancestry]
  4885 | D:5      | Reached XP level 8. HP: 50/57 MP: 8/8
  4943 | D:6      | Reached * piety under Kikubaaqudgha
  4943 | D:6      | Received a gift from Kikubaaqudgha
  4945 | D:6      | Reached skill level 7 in Long Blades
  4949 | D:6      | Learned a level 1 spell: Kiss of Death
  4989 | D:6      | Found a bloodstained altar of Trog.
  5137 | D:6      | Found an ornate altar of the Wu Jian Council.
  5247 | D:6      | Reached skill level 5 in Dodging
  5332 | D:6      | Found a staircase to the Ecumenical Temple.
  5696 | D:7      | Found Ibuwn's General Store.
  5704 | D:7      | Bought a potion of heal wounds for 70 gold pieces
  5704 | D:7      | Bought a scroll of teleportation for 42 gold pieces
  5759 | D:7      | Reached skill level 8 in Long Blades
  5771 | D:7      | Gained mutation: You are partially covered in yellow
                  | scales. (AC +2) [demonic ancestry]
  5771 | D:7      | Reached XP level 9. HP: 60/64 MP: 9/9
  5779 | D:7      | Reached skill level 1 in Stealth
  5818 | D:7      | Reached ** piety under Kikubaaqudgha
  6044 | D:7      | Found Aniem's Jewellery Shop.
  6135 | D:7      | Reached skill level 1 in Spellcasting
  6198 | D:7      | Reached skill level 9 in Long Blades
  6629 | D:7      | Bought a ring of wizardry for 330 gold pieces
  6635 | D:7      | Learned a level 2 spell: Sublimation of Blood
  6780 | D:8      | Found a flagged portal.
  6799 | Bailey   | Entered a bailey
  6871 | Bailey   | Reached *** piety under Kikubaaqudgha
  6871 | Bailey   | Received a gift from Kikubaaqudgha
  6896 | Bailey   | Learned a level 4 spell: Dispel Undead
  6994 | Bailey   | Reached skill level 5 in Necromancy
  7276 | Bailey   | Gained mutation: You are mostly covered in yellow scales.
                  | (AC +3) [demonic ancestry]
  7276 | Bailey   | Reached XP level 10. HP: 57/71 MP: 13/13
  7857 | D:8      | Reached skill level 10 in Long Blades
  8734 | D:9      | Noticed Pikel
  8749 | D:9      | Killed Pikel
  8919 | D:9      | Learned a level 4 spell: Anguish
  8931 | D:9      | Reached **** piety under Kikubaaqudgha
  9032 | D:9      | Noticed Harold
  9047 | D:9      | Killed Harold
  9048 | D:9      | Reached XP level 11. HP: 41/78 MP: 12/16
  9055 | D:9      | Noticed Erica
  9340 | D:9      | Killed Erica
  9481 | D:9      | Reached skill level 1 in Hexes
  9555 | D:9      | Identified the +1 ring mail of the Gate {Str+6 Dex+7}
  9613 | D:9      | Noticed Erolcha
  9620 | D:9      | Killed Erolcha
  9621 | D:9      | Reached skill level 11 in Long Blades
  9848 | D:10     | Entered Level 10 of the Dungeon
  9999 | D:10     | Found a staircase to the Lair.
 10120 | D:10     | Reached skill level 5 in Spellcasting
 10425 | Lair:1   | Entered Level 1 of the Lair of Beasts
 10584 | Lair:1   | Reached ***** piety under Kikubaaqudgha
 10602 | Lair:1   | Noticed Maggie
 10610 | Lair:1   | Killed Maggie
 10611 | Lair:1   | Reached skill level 5 in Fighting
 11840 | Lair:2   | Gained mutation: You have hoof-like feet. [demonic
                  | ancestry]
 11840 | Lair:2   | Reached XP level 12. HP: 86/86 MP: 21/21
 12139 | Lair:2   | Found a frozen archway.
 12671 | Lair:2   | Learned a level 5 spell: Agony
 12798 | Lair:3   | Found a hole to the Spider Nest.
 12974 | Lair:3   | Found a shimmering blue altar of Sif Muna.
 12988 | Lair:3   | Noticed a seven-headed hydra
 13007 | Lair:3   | Reached skill level 12 in Long Blades
 13218 | Lair:3   | Noticed a five-headed hydra
 13229 | Lair:3   | Killed a two-headed hydra
 13494 | Lair:3   | Found a staircase to the Shoals.
 13625 | Lair:3   | Killed a three-headed hydra
 13626 | Lair:3   | Gained mutation: Spells you cast may paralyse nearby
                  | enemies. [demonic ancestry]
 13626 | Lair:3   | Reached XP level 13. HP: 65/93 MP: 24/24
 14242 | Lair:3   | Got Pibif's Collected Works on Inflammable Kinetic Energy
 14445 | Lair:4   | Noticed Snorg
 14452 | Lair:4   | Killed Snorg
 14521 | Lair:4   | Reached skill level 10 in Necromancy
 14734 | Lair:4   | Learned a level 5 spell: Borgnjor's Vile Clutch
 15569 | Lair:5   | Entered Level 5 of the Lair of Beasts
 15706 | Lair:5   | Found a staircase to the Slime Pits.
 15813 | Lair:5   | Learned a level 4 spell: Animate Dead
 15894 | Lair:5   | Reached ****** piety under Kikubaaqudgha
 16240 | Lair:5   | Reached skill level 13 in Long Blades
 16336 | Lair:5   | Reached skill level 5 in Armour
 16336 | Lair:5   | Reached XP level 14. HP: 72/100 MP: 27/27
 17015 | Lair:5   | Identified the +3 ring mail of Evolution {-Cast Harm rPois
                  | Slay+5}
 18057 | D:12     | Found Cehehy's Distillery.
 18453 | D:12     | Found a staircase to the Orcish Mines.
 18465 | D:12     | Reached skill level 10 in Dodging
 18674 | D:12     | Reached skill level 5 in Stealth
 18954 | Orc:1    | Entered Level 1 of the Orcish Mines
 19249 | Orc:2    | Entered Level 2 of the Orcish Mines
 19669 | Orc:2    | Found a shimmering blue altar of Sif Muna.
 19705 | Orc:2    | Found a staircase to the Elven Halls.
 19937 | Orc:2    | Paralysed by an orc sorcerer for 5 turns
 19941 | Orc:2    | HP: 5/101 [orc sorcerer/+0 dagger (6)]
 19942 | Orc:2    | Slain by a rust devil

Illustrated notes

Levels and vault maps discovered:
D:1:      ldierk_walled_garden, layout_loops_ring
D:2:      layout_rooms, basic_altar, minmay_misc_feat_four_crosses,
          roderic_lattice_a, uniq_natasha
D:3:      layout_loops_ring, lightli_sewer_entry_pipes,
          minmay_misc_feat_more_columns, minmay_cut_off
D:4:      layout_cave_pods, kiku_gazebo_garden_becter,
          chequers_temple_overflow_statue_of_worship, uniq_ijyb
D:5:      layout_gridville, mainiacjoe_overflow_two_lobes
D:6:      layout_basic, nicolae_wu_jian_immortal_techniques,
          trog_three_pillars_becter, minmay_temple_entry_junction,
          hangedman_abyss_or_decor_lesser_grid
D:7:      layout_basic, serial_shops, nicolae_shop_trees,
          nicolae_shop_waterfront, kennysheep_big_empty_room,
          nicolae_nh_ransacked_shop
D:8:      layout_cave_pods, enter_bailey_5, serial_bayou, serial_bayou_pond_d,
          serial_bayou_lagoon_a, serial_bayou_crossing, serial_bayou_pond_a,
          lemuel_flamethrower_2
D:9:      layout_cave_pools, serial_column_ruins, column_ruins_hut,
          column_ruins_corridor_corner, column_ruins_columns_water,
          column_ruins_open_tiny_water, column_ruins_open_medium, minivault_10,
          uniq_erolcha, uniq_erica, uniq_pikel, uniq_harold
D:10:     layout_rooms, minmay_lair_entry_grove
D:11:     layout_small_grid
D:12:     layout_cave_pools, erik_orc_3, serial_shops, shop
Lair:1:   layout_regular_city, grunt_megastairs_1, uniq_maggie
Lair:2:   layout_chaotic_city, portal_ice_cave_demonic_guard, st_stairs_5,
          grunt_forest_stairs_basic
Lair:3:   layout_regular_city, minmay_shoals_entry_centaurs,
          spider_nest_entry_rubble, basic_altar, worms_lemuel
Lair:4:   layout_regular_city, grunt_forest_small_clearing_treed,
          lemuel_fruit_tree, lemuel_fruit_fields, grunt_megastairs_3, uniq_snorg
Lair:5:   grunt_lair_end_beastmaster, layout_loops_ring,
          minmay_slime_entry_jelly_boxes, uniq_nessos
Orc:1:    layout_diamond_mine, serial_shops, nicolae_shop_tiny_statue_garden
Orc:2:    hellmonk_orc_salted, layout_caves, led_sif_book

Skill      XL: |  1  2  3  4  5  6  7  8  9 10 11 12 13 14 |
---------------+-------------------------------------------+-----
Dodging        | 3 4 5 6 7 8 9 10 | 10.2
Long Blades    | 3 4 5 6 8 9 10 11 12 13 | 13.3
Armour         | 1 3 4 5 |  5.4
Necromancy     | 1 2 3 5 7 8 9 11 12 | 12.2
Shields        | 1 2 3 |  3.5
Throwing       | 2 |  2.1
Fighting       | 3 4 5 6 |  6.5
Stealth        | 1 2 3 4 5 |  5.1
Spellcasting   | 2 3 6 7 9 |  9.9
Hexes          | 2 3 4 |  4.4
Earth Magic    | |  0.6

Action                     |  1- 3 |  4- 6 |  7- 9 | 10-12 | 13-15 || total
---------------------------+-------+-------+-------+-------+-------++-------
  Melee: Long sword        |    75 |   203 |    84 |       |       ||   362
         Kick              |     9 |    70 |    98 |   167 |   171 ||   515
         Scimitar          |       |       |   151 |   361 |   379 ||   891
  Throw: Throwing net      |       |     1 |       |     2 |       ||     3
   Cast: Vampiric Draining |       |       |     5 |    34 |    19 ||    58
         Necrotise         |       |       |    23 |    15 |     5 ||    43
         Anguish           |       |       |       |    50 |    56 ||   106
         Dispel Undead     |       |       |       |     5 |     4 ||     9
         Agony             |       |       |       |     3 |     6 ||     9
         Animate Dead      |       |       |       |       |    10 ||    10
         Borgnjor's Vile C |       |       |       |       |     8 ||     8
  Evoke: Wand              |       |       |       |     2 |       ||     2
    Use: Scroll            |     4 |     7 |     8 |    13 |     2 ||    34
         Potion            |       |     1 |     8 |       |       ||     9
   Stab: Held in net/web   |       |     2 |       |     1 |       ||     3
         Paralysed         |       |       |     2 |    36 |    49 ||    87
         Distracted        |       |       |       |       |     4 ||     4
 Armour: Leather armour    |    20 |    66 |    65 |    39 |       ||   190
         Acid dragon scale |       |       |       |     5 |       ||     5
         Ring mail         |       |       |       |    13 |    17 ||    30
         Swamp dragon scal |       |       |       |    58 |    91 ||   149
  Dodge: Dodged            |    38 |   142 |   147 |   294 |   176 ||   797
  Block: Orb               |    10 |    52 |    46 |    90 |    59 ||   257
         Reflection        |       |     4 |       |     5 |     2 ||    11
